 Dungeon Crawl Stone Soup version 0.30.1-11-g7821555f0a (webtiles) character file.

Game seed: 2205134743712956558

115 jagang the Slasher (level 5, -3/42 HPs)
             Began as a Human Monk on Dec 22, 2023.
             Splashed by a jelly's acid (8 damage)
             ... on level 3 of the Dungeon.
             The game lasted 00:03:24 (2050 turns).

jagang the Slasher (Human Monk)                     Turns: 2050, Time: 00:03:25

Health: -3/42      AC:  1    Str: 11    XL:     5   Next: 20%
Magic:  5/5        EV:  6    Int: 11    God:
Gold:   153        SH:  0    Dex: 17    Spells: 4/4 levels left

rFire   . . .        u - +0 long sword
rCold   . . .        d - orb {light}
rNeg    . . .        e - +0 chain mail
rPois   .            v - +0 helmet
rElec   .            (no cloak)
rCorr   .            (no gloves)
SInv    .            (no boots)
Will    .....        (no amulet) Stlth
                     (no ring)
HPRegen 0.27/turn    (no ring)
MPRegen 0.09/turn

%: no passive effects
@: corroded, glowing
A: no striking features
a: no special abilities


You were on level 3 of the Dungeon.
You visited 1 branch of the dungeon, and saw 3 of its levels.

You collected 153 gold pieces.

Inventory:

Hand Weapons
 u - a +0 long sword (weapon)
Armour
 d - an orb of light (worn)
 e - a +0 chain mail (worn)
 v - a +0 helmet (worn)
Scrolls
 a - a scroll of amnesia {unknown}
 f - 7 scrolls of identify {unknown}
 g - 2 scrolls of poison {unknown}
 h - a scroll of fog {unknown}
 k - a scroll of enchant weapon {unknown}
 o - 2 scrolls of teleportation {unknown}
 r - a scroll of enchant armour {unknown}
 t - 2 scrolls of silence {unknown}
Potions
 b - a potion of lignification {unknown}
 c - a potion of ambrosia
 i - a potion of attraction {unknown}
 j - a potion of might {unknown}
 l - a potion of brilliance {unknown}
 m - a potion of heal wounds {unknown}
 n - a potion of curing {unknown}
 p - a potion of magic {unknown}
 q - 2 potions of mutation {unknown}
 s - a potion of invisibility {unknown}


   Skills:
 + Level 3.7 Fighting
 * Level 4.4 Long Blades
 + Level 2.0 Armour
 - Level 3.0 Dodging


You had 4 spell levels left.
You didn't know any spells.
Your spell library contained the following spells:

 Spells                   Type           Power      Damage    Failure   Level
 Static Discharge         Conj/Air       0%         2-2/arc   100%        2
 Airstrike                Air            0%         2d(0-16)  100%        4
 Summon Lightning Spire   Summ/Air       0%         N/A       100%        4


Dungeon Overview and Level Annotations

Branches:
Dungeon (3/15)

Altars:
Kikubaaqudgha
Ru


Message History

The goblin no longer looks unusually strong.
The hobgoblin barely misses you.
You hit the hobgoblin.
You kill the hobgoblin!
You slash the goblin!
You kill the goblin!
You slash the goblin!
You kill the goblin!
Your Armour skill increases to level 2!
Items here: ))))) [[ ††.
v - a +0 helmet You start putting on your armour.
You continue putting on your +0 helmet. x4
You finish putting on your +0 helmet.
You feel as though Xom is toying with you.
Suddenly, the walls become transparent!
You open the door.
A jelly comes into view.
The jelly quivers.
You hit the jelly but do no damage.
Your hands burn!
The jelly barely misses you.
You hit the jelly.
Your hands burn!
The jelly is lightly wounded.
The jelly hits you but does no damage.
You hit the jelly. The acid corrodes you!
Your hands burn!
The jelly is moderately wounded.
The jelly hits you. The acid corrodes you!
You are splashed with acid!
The jelly hits you.
You are splashed with acid.
You are too injured to fight recklessly!
You are too injured to fight recklessly!
You hit the jelly but do no damage.
Your hands burn!
* * * LOW HITPOINT WARNING * * *
The jelly is moderately wounded.
The jelly hits you but does no damage.
You hit the jelly.
Your hands burn!
* * * LOW HITPOINT WARNING * * *
The jelly is severely wounded.
The jelly hits you.
* * * LOW HITPOINT WARNING * * *
You are splashed with acid!
You die...

# ##...## #.# # ##+## ##
# #.# .. # #.# # ##.## #
##...## #+# # #.....#
#.# #####...##
##J##+##+#
.......########.@.......
#####...................
##.#######.......... #.#
########### #.# #.# #.#
######## #.# #......#
#.#######.####.#


You could see a jelly.

Vanquished Creatures
  Robin (D:3)
  6 adders
  A dart slug (D:1)
  2 ball pythons
  4 endoplasms
  7 hobgoblins
  4 jackals (D:1)
  2 quokkas
  4 bats
  2 frilled lizards
  5 goblins (D:3)
  5 kobolds
  4 rats
47 creatures vanquished.

Notes
Turn   | Place    | Note
-------+----------+-------------------------------------------
     0 | D:1      | jagang the Human Monk began the quest for the Orb.
     0 | D:1      | Reached XP level 1. HP: 18/18 MP: 1/1
   309 | D:1      | Reached XP level 2. HP: 20/24 MP: 2/2
   744 | D:2      | Reached skill level 1 in Armour
   744 | D:2      | Reached XP level 3. HP: 29/29 MP: 3/3
   819 | D:2      | Found an ancient bone altar of Kikubaaqudgha.
  1021 | D:2      | Found a faded altar of an unknown god.
  1207 | D:2      | Reached XP level 4. HP: 35/35 MP: 4/4
  1299 | D:2      | Reached skill level 4 in Long Blades
  1744 | D:3      | Found a sacrificial altar of Ru.
  1845 | D:3      | Noticed Robin
  1860 | D:3      | Killed Robin
  1861 | D:3      | Reached XP level 5. HP: 30/41 MP: 5/5
  2050 | D:3      | Splashed by a jelly's acid

Illustrated notes

Levels and vault maps discovered:
D:1:      amcnicky_arrival_single_pillar, layout_basic
D:2:      layout_basic, basic_ecumenical_altar, basic_altar
D:3:      cheibrodos_old_hovel, layout_loops_corners, mainiacjoe_overflow_paths,
          dk_xom_monty_hall, chequers_jeans, minivault_4,
          nicolae_kite_square_tiling_tiny, uniq_robin

Skill      XL: |  1  2  3  4  5 |
---------------+----------------+-----
Armour         | 1 2 |  2.0
Long Blades    | 4 |  4.4
Fighting       | |  3.7
Dodging        | |  3.0

Action                     |  1- 3 |  4- 6 || total
---------------------------+-------+-------++-------
  Melee: Falchion          |    70 |    20 ||    90
         Long sword        |       |    35 ||    35
 Armour: Chain mail        |    43 |    31 ||    74
  Dodge: Dodged            |    15 |    18 ||    33
